Map: Reclamation LE

Players

BillyCoen - Winner!

  • Race: Protoss Protoss

HORSES - Winner!

  • Race: Zerg Zerg

VOD

Have the link to the VOD?

Description

Time

  • Played on: Dec. 11, 2021, 7 a.m.
  • Length: 21:38
Show
View Real Time Build Order
Export as new Build Order

BillyCoen Protoss - Winner!

Build Orders:  

Get SALT Encoding   

  12  0:15  Probe (Chrono Boost)  
  14  0:32  Probe (Chrono Boost)  
  14  0:47  Pylon  
  14  0:54  Probe (Chrono Boost)  
  15  1:05  Assimilator  
  15  1:12  Assimilator  
  15  1:15  Probe (Chrono Boost)  
  16  1:28  Pylon  
  16  1:32  Pylon  
  16  1:37  Pylon  
  12  1:50  Probe (Chrono Boost)  
  17  2:06  Probe (Chrono Boost)  
  18  2:13  Forge  
  18  2:23  Probe (Chrono Boost)  
  18  2:28  Gateway  
  20  2:41  Probe (Chrono Boost)  
  20  2:57  Probe (Chrono Boost)  
  21  3:01  Pylon  
  21  3:05  Pylon  
  21  3:14  Probe (Chrono Boost)  
  22  3:25  Photon Cannon  
  22  3:27  Photon Cannon  
  22  3:33  Photon Cannon  
  22  3:51  Zealot (Chrono Boost)  
  24  4:27  Zealot (Chrono Boost)  
  26  4:59  Protoss Ground Weapons Level 1  
  26  5:05  Zealot (Chrono Boost)  
  26  5:09  Cybernetics Core  
  30  5:43  Zealot (Chrono Boost)  
  30  6:12  Nexus  
  32  6:21  Zealot (Chrono Boost)  
  34  7:00  Stalker (Chrono Boost)  
  34  7:03  Pylon  
  34  7:06  Pylon  
  34  7:10  Assimilator  
  34  7:13  Assimilator  
  36  7:41  Stalker (Chrono Boost)  
  36  7:59  Protoss Ground Armor Level 1  
  36  8:32  Nexus  
  36  8:35  Photon Cannon  
  36  8:38  Photon Cannon  
  36  8:47  Stalker (Chrono Boost)  
  38  8:51  Probe  
  39  9:29  Stalker (Chrono Boost)  
  41  9:54  Twilight Council  
  43  10:11  Stalker (Chrono Boost)  
  43  10:14  Stargate  
  43  10:20  Probe  
  44  10:37  Probe  
  47  10:53  Stalker (Chrono Boost)  
  47  10:54  Probe  
  47  10:59  Protoss Shields Level 1  
  48  11:29  Probe  
  49  11:46  Probe  
  50  11:56  Stalker (Chrono Boost)  
  52  12:03  Probe  
  53  12:19  Void Ray  
  57  12:38  Stalker (Chrono Boost), Probe  
  60  12:55  Probe  
  61  13:10  Fleet Beacon  
  61  13:11  Void Ray  
  61  13:12  Probe  
  61  13:16  Warp Gate  
  68  13:20  Stalker (Chrono Boost), Charge  
  70  14:02  Stalker (Chrono Boost)  
  70  14:03  Void Ray  
  76  14:44  Stalker (Chrono Boost)  
  76  15:41  Carrier  
  76  15:59  Protoss Air Weapons Level 1  
  76  16:00  Protoss Ground Weapons Level 2  
  76  16:05  Unknown  
  76  16:10  Blink  
  72  17:11  Carrier  
  72  17:32  Stargate  
  72  17:34  Stargate  
  60  20:13  Nexus  
  60  21:22  Pylon  
  60  21:25  Pylon  
  60  21:28  Pylon  
  60  21:33  Pylon  
Show
View Real Time Build Order
Export as new Build Order

HORSES Zerg - Winner!

Build Orders:  

Get SALT Encoding   

  12  0:03  Drone  
  13  0:21  Overlord  
  13  0:29  Drone  
  14  0:46  Drone x2  
  16  0:52  Overlord  
  16  1:14  Spawning Pool  
  16  1:18  Drone  
  16  1:22  Drone  
  17  1:39  Drone  
  18  2:02  Extractor  
  18  2:06  Hatchery  
  16  2:12  Overlord  
  16  2:16  Drone  
  17  2:25  Drone  
  18  2:31  Queen  
  20  2:43  Drone  
  21  2:55  Zergling x2  
  22  3:09  Zergling x2  
  23  3:21  Queen  
  25  3:44  Drone x2  
  25  3:48  Drone  
  28  3:51  Queen  
  28  3:59  Drone  
  31  4:52  Lair  
  31  5:09  Drone x3  
  34  5:25  Metabolic Boost  
  34  5:41  Zergling x4  
  34  5:42  Zergling x8  
  34  5:48  Overlord x3  
  40  5:52  Drone  
  41  6:24  Drone x2  
  43  6:39  Zergling x2  
  44  6:53  Drone x2  
  44  6:56  Zergling x4  
  44  6:57  Zergling x4  
  49  8:14  Zergling x2  
  49  8:15  Zergling x6  
  49  8:19  Drone x2  
  55  8:33  Overlord x3  
  55  8:44  Evolution Chamber  
  54  8:50  Roach Warren  
  51  9:32  Zergling x4  
  51  9:33  Zergling x2  
  51  9:37  Zerg Missile Weapons Level 1  
  54  9:46  Glial Reconstitution  
  54  9:50  Roach x3  
  54  9:51  Roach x3  
  54  9:55  Roach x3  
  72  10:25  Hatchery  
  71  10:35  Unknown  
  71  10:48  Unknown  
  50  12:17  Zerg Melee Weapons Level 1  
  48  12:22  Roach  
  48  12:23  Roach x5  
  48  12:27  Roach x2  
  48  12:28  Roach x6  
  76  12:44  Extractor  
  76  12:48  Drone  
  76  12:57  Drone x3  
  79  13:12  Roach x2  
  79  13:14  Roach x2  
  87  13:53  Roach x4  
  95  14:00  Drone x3  
  95  14:04  Overlord x2  
  95  14:05  Overlord x2  
  98  14:35  Roach x3  
  98  14:39  Roach  
  106  14:53  Drone x2  
  106  14:54  Drone  
  106  14:57  Drone x3  
  112  15:12  Drone x3  
  115  15:52  Drone  
  115  15:55  Roach x3  
  122  16:03  Overlord x2  
  122  16:04  Overlord  
  122  16:15  Extractor  
  121  17:03  Roach x2  
  121  17:04  Roach x3  
  121  17:07  Roach x3  
  137  17:14  Drone x3  
Tags
 
Matchup
Co-op
Replay Pack
re
Add a new tag
Caveats
  • Supply blocks, unpowered buildings, or Contaminate may cause inaccurate times.
  • Supply counts are checked every 10 seconds.